 Dungeon Sprint DCSS version 0.30-a0-469-g84de5afbc5 (webtiles) character file.

Game seed: 14195318944043179989

4500000 NinjaNoafa the Intangible (level 25, -90/214 HPs)
             Began as a Djinni Warper on Dec 19, 2022.
             Was the Champion of Makhleb.
             Annihilated by a large bag of meat
             ... wielding a +9 giant spiked club
              (100 damage)
             ... in the Dungeon (Sprint VIII: "Arena of Blood").
             The game lasted 00:00:51 (45 turns).

NinjaNoafa the Intangible (Djinni Warper)             Turns: 45, Time: 00:00:52

Health: -90/214    AC:  6    Str: 10    XL:     25   Next: 88%
Gold:   0          EV: 35    Int: 16    God:    Makhleb [******] SH:  0 Dex: 24

rFire   + + .      SeeInvis .    i - +∞ Axe of Woe
rCold   x . .      Faith    .    (shield currently unavailable)
rNeg    . . .      Spirit   .    b - +0 leather armour
rPois   ∞          Reflect  .    (no helmet)
rElec   .          Harm     .    (no cloak)
rCorr   .          Rampage  .    (no gloves)
Will    ++...      NoTele   +    (boots unavailable)
Stlth   ++++++++..               (no amulet)
HPRegen 0.55/turn                (no ring)
MPRegen 0.00/turn                (no ring)

@: flying
A: sickness immunity, fire resistance 2, cold vulnerability 1, float, innate
caster, HP casting, extra vitality 1
a: Renounce Religion, Minor Destruction, Lesser Servant of Makhleb, Major
Destruction, Greater Servant of Makhleb


You were in the Dungeon.
You worshipped Makhleb.
Makhleb was exalted by your worship.
You visited 1 branch

Inventory:

Hand Weapons
 a - a +0 hand axe
 i - the +∞ Axe of Woe (weapon)
   (You found it in the Dungeon)
Missiles
 d - 7 boomerangs of dispersal (quivered)
Armour
 b - a +0 leather armour (worn)
Scrolls
 c - 2 scrolls of blinking
Potions
 e - a potion of curing
 f - a potion of heal wounds
 g - a potion of haste
 h - a potion of berserk rage


   Skills:
 O Level 27 Fighting
 + Level 21.1(24.2) Short Blades
 + Level 20.2(23.7) Long Blades
 O Level 27 Axes
 + Level 18.7(27) Maces & Flails
 + Level 18.7(27) Polearms
 + Level 20.2(26.1) Staves
 + Level 18.7 Ranged Weapons
 + Level 20.4 Throwing
 O Level 27 Armour
 O Level 27 Dodging
 + Level 20.2 Stealth
 + Level 21.8 Shields
 + Level 21.8 Unarmed Combat
 O Level 27 Spellcasting
 O Level 27 Invocations
 + Level 21.8 Evocations


You had one spell level left.
You knew the following spells:

 Your Spells              Type           Power      Damage    Failure   Level
a - Blink                 Tloc           100%       N/A       0%          2
b - Lesser Beckoning      Tloc           100%       N/A       0%          3
c - Vhi's Electric Charg  Tloc/Air       100%       N/A       0%          3
d - Teleport Other        Tloc           82%        N/A       0%          3
e - Manifold Assault      Tloc           82%        N/A       0%          4
f - Apportation           Tloc           100%       N/A       0%          1
g - Wereblood             Tmut           82%        N/A       0%          2
h - Call Canine Familiar  Summ           82%        N/A       0%          3
i - Olgreb's Toxic Radia  Pois           82%        N/A       0%          4
j - Summon Mana Viper     Hex/Summ       82%        N/A       0%          5
k - Blade Hands           Tmut           41%        N/A       0%          5
l - Starburst             Conj/Fire      41%        6d12      0%          6
m - Dispersal             Tloc           41%        N/A       0%          6
n - Enfeeble              Hex            41%        N/A       1%          7
o - Orb of Destruction    Conj           41%        9d11      1%          7
p - Disjunction           Tloc           41%        N/A       1%          8
q - Lehudib's Crystal Sp  Conj/Erth      41%        10d10     1%          8
Your spell library was empty.

Dungeon Overview and Level Annotations

Branches:
Dungeon (1/1)

Altars:
Makhleb


Innate Abilities, Weirdness & Mutations

You are immune to sickness and miasma.
You are immune to poison.
Your flesh is very heat resistant. (rF++)
You are vulnerable to cold. (rC-)
You float through the air rather than walking.
You learn spells naturally, not from books.
Your magical power is your life essence.
You have superior vitality. (+4 MHP)


Message History

A meat berserker comes into view. It is wielding a +9 battleaxe.
You hear a shout!
The meat berserker is engulfed in blazing flames.
The meat berserker rages.
A sculptor of flesh comes into view. It is wielding a +9 great sword.
A destroyer comes into view. It is wielding a +9 vorpal great sword.
A bag of meat comes into view. It is wielding a +9 war axe. x2
The bag of meat is engulfed in blazing flames.
You hear a shout!
Your base Short Blades skill increases to level 21!
Your base Long Blades skill increases to level 20!
Your base Staves skill increases to level 20!
Your Throwing skill increases to level 20!
Your Stealth skill increases to level 20!
Casting: Manifold Assault (safe; 0% risk of failure)
Confirm with . or Enter, or press ? or * to list all spells.
Space momentarily warps into an impossible shape!
The bag of meat shouts!
You hit the sculptor of flesh but do no damage.
You chop the sculptor of flesh into pieces.
You destroy the sculptor of flesh!
Makhleb accepts your kill.
You feel better.
You hit the meat berserker but do no damage.
You butcher the meat berserker messily.
You kill the meat berserker!
Makhleb accepts your kill.
You hit the sculptor of flesh but do no damage.
You pulverise the sculptor of flesh into a thin bloody mist.
You destroy the sculptor of flesh!
Makhleb accepts your kill.
You hear a shout! x2
The meat berserker hits you with a +9 battleaxe!!!!
The meat berserker closely misses you.
You hear a shout! x3
The large bag of meat hits you with a +9 giant spiked club!!!!
Ouch! That really hurt!
* * * LOW HITPOINT WARNING * * *
The large bag of meat hits you with a +9 giant spiked club!!!!
You die...

..o.o.....
V......o.......)....
#......O. ....o....
o#)...oOo #..o....#
.o)O#o☼O§ #..))...#
..#....☼o###)V.....###.
......o.)..)..###......
......#oo......_.......
....#.°O@O))#.....#....
#))....)O☼§#_.<._# .
...#...)§)§#.....#
...oo#.)☼O§).._.....
o...oo)))z...)###......
....o)...###..))...###.
.)§o))..). #o.)....#
.z).).).)..#.......#
.)#)..°))........ ..


You could see 2 destroyers, 2 sculptors of flesh, 2 large bags of meat, 6 meat
berserkers and 19 bags of meat.

Vanquished Creatures
  3 vampire knights (D)
  16 ogres (D)
  4 two-headed ogres (D)
  46 orcs (D)
  5 skeletal warriors (D)
74 creatures vanquished.

Notes
Turn   | Place    | Note
-------+----------+-------------------------------------------
     0 | D        | Found the +∞ Axe of Woe
     0 | D        | NinjaNoafa the Djinni Warper began the quest for the Orb.
     0 | D        | NinjaNoafa set off with the following spells memorised:
                  | Blink, Lesser Beckoning, Vhi's Electric Charge, Teleport
                  | Other, Manifold Assault.
     0 | D        | Reached XP level 1. HP: 18/18 MP: 0/0
     2 | D        | Noticed a bag of meat
     4 | D        | Became a worshipper of Makhleb the Destroyer
     6 | D        | Noticed a bag of meat
     6 | D        | Noticed a bag of meat
     7 | D        | Noticed a bag of meat
     7 | D        | Noticed a bag of meat
     7 | D        | Noticed a bag of meat
     9 | D        | Killed a bag of meat
    10 | D        | Reached skill level 10 in Fighting
    10 | D        | Reached XP level 2. HP: 36/36 MP: 0/0
    10 | D        | Reached XP level 3. HP: 41/41 MP: 0/0
    10 | D        | Learned a level 1 spell: Apportation
    10 | D        | Reached XP level 4. HP: 48/48 MP: 0/0
    10 | D        | Reached XP level 5. HP: 52/52 MP: 0/0
    10 | D        | Learned a level 2 spell: Wereblood
    10 | D        | Reached XP level 6. HP: 58/58 MP: 0/0
    10 | D        | Reached XP level 7. HP: 64/64 MP: 0/0
    10 | D        | Learned a level 3 spell: Call Canine Familiar
    10 | D        | Reached XP level 8. HP: 70/70 MP: 0/0
    10 | D        | Reached XP level 9. HP: 75/75 MP: 0/0
    10 | D        | Learned a level 4 spell: Olgreb's Toxic Radiance
    10 | D        | Reached XP level 10. HP: 81/81 MP: 0/0
    10 | D        | Reached XP level 11. HP: 86/86 MP: 0/0
    10 | D        | Learned a level 5 spell: Summon Mana Viper
    10 | D        | Killed a bag of meat
    10 | D        | Reached * piety under Makhleb
    10 | D        | Killed a bag of meat
    10 | D        | Killed a bag of meat
    10 | D        | Noticed a bag of meat
    11 | D        | Reached skill level 15 in Dodging
    11 | D        | Reached skill level 10 in Invocations
    11 | D        | Reached XP level 12. HP: 101/101 MP: 0/0
    11 | D        | Reached XP level 13. HP: 106/106 MP: 0/0
    11 | D        | Learned a level 5 spell: Blade Hands
    11 | D        | Killed a bag of meat
    11 | D        | Reached ** piety under Makhleb
    11 | D        | Noticed a bag of meat
    11 | D        | Noticed a bag of meat
    12 | D        | Reached skill level 15 in Fighting
    12 | D        | Reached skill level 15 in Armour
    12 | D        | Reached XP level 14. HP: 114/114 MP: 0/0
    12 | D        | Noticed a bag of meat
    12 | D        | Noticed a bag of meat
    12 | D        | Noticed a bag of meat
    12 | D        | Noticed a bag of meat
    12 | D        | Noticed a bag of meat
    12 | D        | Noticed a bag of meat
    13 | D        | Killed a bag of meat
    13 | D        | Killed a bag of meat
    13 | D        | Killed a bag of meat
    13 | D        | Reached *** piety under Makhleb
    13 | D        | Noticed a meat berserker
    14 | D        | Reached XP level 15. HP: 120/124 MP: 0/0
    14 | D        | Learned a level 6 spell: Starburst
    14 | D        | Killed a meat berserker
    15 | D        | Reached skill level 15 in Axes
    15 | D        | Reached **** piety under Makhleb
    15 | D        | Noticed a meat berserker
    16 | D        | Reached skill level 15 in Spellcasting
    16 | D        | Reached XP level 16. HP: 137/137 MP: 0/0
    16 | D        | Killed a meat berserker
    16 | D        | Reached ***** piety under Makhleb
    17 | D        | Reached XP level 17. HP: 146/146 MP: 0/0
    17 | D        | Learned a level 6 spell: Dispersal
    19 | D        | Noticed a meat berserker
    19 | D        | Noticed a large bag of meat
    20 | D        | Noticed a meat berserker
    20 | D        | Noticed a large bag of meat
    20 | D        | Noticed a meat berserker
    21 | D        | Noticed a destroyer
    22 | D        | Killed a meat berserker
    22 | D        | Killed a large bag of meat
    23 | D        | Reached XP level 18. HP: 161/161 MP: 0/0
    23 | D        | Reached ****** piety under Makhleb
    23 | D        | Killed a meat berserker
    23 | D        | Noticed a meat berserker
    24 | D        | Reached skill level 27 in Dodging
    24 | D        | Reached XP level 19. HP: 169/169 MP: 0/0
    24 | D        | Learned a level 7 spell: Enfeeble
    24 | D        | Noticed a meat berserker
    24 | D        | Killed a meat berserker
    24 | D        | Noticed a destroyer
    24 | D        | Noticed a meat berserker
    25 | D        | Killed a meat berserker
    25 | D        | Noticed a meat berserker
    26 | D        | Reached skill level 27 in Fighting
    26 | D        | Reached skill level 27 in Armour
    26 | D        | Reached XP level 20. HP: 181/181 MP: 0/0
    27 | D        | Killed a destroyer
    27 | D        | Killed a meat berserker
    28 | D        | Reached skill level 27 in Axes
    28 | D        | Reached skill level 27 in Invocations
    28 | D        | Reached XP level 21. HP: 187/187 MP: 0/0
    28 | D        | Learned a level 7 spell: Orb of Destruction
    28 | D        | Noticed a large bag of meat
    28 | D        | Noticed a meat berserker
    28 | D        | Noticed a meat berserker
    28 | D        | Noticed a meat berserker
    29 | D        | Killed a meat berserker
    29 | D        | Killed a destroyer
    30 | D        | Reached skill level 27 in Spellcasting
    30 | D        | Reached skill level 5 in Long Blades
    30 | D        | Reached skill level 5 in Maces & Flails
    30 | D        | Reached skill level 5 in Polearms
    30 | D        | Reached skill level 5 in Staves
    30 | D        | Reached skill level 5 in Ranged Weapons
    30 | D        | Reached skill level 10 in Throwing
    30 | D        | Reached skill level 5 in Stealth
    30 | D        | Killed a meat berserker
    30 | D        | Noticed a meat berserker
    31 | D        | Reached XP level 22. HP: 194/194 MP: 0/0
    32 | D        | Reached skill level 10 in Short Blades
    32 | D        | Reached skill level 10 in Long Blades
    32 | D        | Reached skill level 10 in Staves
    32 | D        | Reached skill level 10 in Stealth
    32 | D        | Killed a meat berserker
    32 | D        | Noticed a large bag of meat
    33 | D        | Reached skill level 10 in Maces & Flails
    33 | D        | Reached skill level 10 in Polearms
    33 | D        | Reached skill level 10 in Ranged Weapons
    34 | D        | Reached XP level 23. HP: 201/201 MP: 0/0
    34 | D        | Learned a level 8 spell: Disjunction
    35 | D        | Reached skill level 15 in Throwing
    35 | D        | Reached skill level 15 in Shields
    35 | D        | Reached skill level 15 in Unarmed Combat
    35 | D        | Reached skill level 15 in Evocations
    36 | D        | Reached skill level 15 in Long Blades
    36 | D        | Reached skill level 15 in Staves
    36 | D        | Reached skill level 15 in Stealth
    36 | D        | Reached XP level 24. HP: 208/208 MP: 0/0
    36 | D        | Killed a large bag of meat
    37 | D        | Reached skill level 15 in Maces & Flails
    37 | D        | Reached skill level 15 in Polearms
    37 | D        | Reached skill level 15 in Ranged Weapons
    37 | D        | Noticed a destroyer
    38 | D        | Killed a destroyer
    38 | D        | Noticed a large bag of meat
    39 | D        | Reached XP level 25. HP: 187/214 MP: 0/0
    39 | D        | Learned a level 8 spell: Lehudib's Crystal Spear
    39 | D        | Killed a large bag of meat
    41 | D        | Noticed a destroyer
    43 | D        | Noticed a large bag of meat
    44 | D        | Killed a large bag of meat
    44 | D        | Noticed a destroyer
    45 | D        | HP: 10/214 [large bag of meat/+9 giant spiked club (117)]
    45 | D        | Annihilated by a large bag of meat

Illustrated notes

Levels and vault maps discovered:
D:        meatsprint

Skill      XL: |  1  2  3  4  5  6  7  8  9 10 11 12 13 14 15 16 17 18 19 20 21 22 23 24 25 |
---------------+----------------------------------------------------------------------------+-----
Fighting       | 10 14 15 17 19 21 24 25 27 | 27.0
Axes           | 9 12 13 14 17 18 20 22 24 27 | 27.0
Throwing       | 9 12 14 16 19 20 | 20.4
Armour         | 11 14 15 17 20 21 24 25 27 | 27.0
Dodging        | 12 15 16 18 21 22 26 27 | 27.0
Spellcasting   | 8 11 12 13 15 16 19 20 22 25 27 | 27.0
Invocations    | 10 11 13 17 18 22 23 26 27 | 27.0
Short Blades   | 9 13 16 19 21 | 21.1
Long Blades    | 9 12 15 18 20 | 20.2
Maces & Flails | 8 11 14 17 18 | 18.7
Polearms       | 8 11 14 17 18 | 18.7
Staves         | 9 12 15 18 20 | 20.2
Ranged Weapons | 8 11 14 17 18 | 18.7
Stealth        | 9 12 15 18 20 | 20.2
Shields        | 9 14 16 20 21 | 21.8
Unarmed Combat | 9 14 16 20 21 | 21.8
Evocations     | 9 14 16 20 21 | 21.8

Action                   |  1- 3 |  4- 6 |  7- 9 | 10-12 | 13-15 | 16-18 | 19-21 | 22-24 | 25-27 || total
-------------------------+-------+-------+-------+-------+-------+-------+-------+-------+-------++-------
Melee: Executioner's axe |     1 |       |       |     3 |     9 |    13 |    12 |    26 |     7 ||    71
 Cast: Manifold Assault  |       |       |       |     1 |     2 |     5 |     3 |     8 |     2 ||    21
       Lehudib's Crystal |       |       |       |       |       |       |       |       |     1 ||     1
       Blink             |       |       |       |       |       |       |       |       |     1 ||     1
       Enfeeble          |       |       |       |       |       |       |       |       |     1 ||     1
Dodge: Dodged            |       |       |       |       |       |       |     1 |       |     1 ||     2

Table legend: (Time is in decaauts)
 A = Elapsed time spent in this place.
 B = Non-inter-level travel time spent in this place.
 C = Inter-level travel time spent in this place.
 D = Time resting spent in this place.
 E = Time spent auto-exploring this place.
 F = Levels seen in this place.
 G = Mean time per level.
                   A        B        C        D        E       F      G
               +--------+--------+--------+--------+--------+-----+--------+
         Total |     42 |     42 |      0 |      0 |      0 |   1 |   42.0 |
       Dungeon |     42 |     42 |      0 |      0 |      0 |   1 |   42.0 |
               +--------+--------+--------+--------+--------+-----+--------+

Top non-repeatable levels by time:
       D: 42 daAuts
